[Event "Late-Titled-Tuesday-Blitz-September-19-2023"]
[Site "Chess.com"]
[Date "2023.09.19"]
[Round "2"]
[White "CheckThis4"]
[Black "Nekoo04"]
[Result "1-0"]
[WhiteElo "2677"]
[BlackElo "2343"]
[TimeControl "180+1"]
[EndTime "14:15:16 PDT"]
[Termination "CheckThis4 won by resignation"]

1. e4 c5 2. Nc3 Nc6 3. Bb5 Nd4 4. Bc4 e6 5. Nge2 Nf6 6. O-O d5 7. exd5 exd5 8. Nxd5 Nxd5 9. Nxd4 cxd4 10. Qh5 Be6 11. Re1 Be7 12. Rxe6 Nf4 13. Qb5+ Kf8 14. Re4 Qc7 15.
d3 Ng6 16. Bd2 a6 17. Qd5 Bf6 18. Rae1 h6 19. Qf5 Ne7 20. Rxe7 Qxe7 21. Rxe7 Kxe7 22. Bb4+ 1-0

[Event "Late-Titled-Tuesday-Blitz-September-19-2023"]
[Site "Chess.com"]
[Date "2023.09.19"]
[Round "2"]
[White "Quattroporte300"]
[Black "miraitrunks"]
[Result "0-1"]
[WhiteElo "2413"]
[BlackElo "2125"]
[TimeControl "180+1"]
[EndTime "14:15:24 PDT"]
[Termination "miraitrunks won by checkmate"]

1. e4 e6 2. d4 d5 3. Nd2 dxe4 4. Nxe4 Bd7 5. Nf3 Bc6 6. Ng3 Nf6 7. c3 Bd6 8. Bd3 O-O 9. O-O Nbd7 10. Re1 h6 11.
Bc2 Re8 12. Qd3 e5 13. dxe5 Nxe5 14. Nxe5 Bxe5 15. Qf5 Bxg3 16. Rxe8+ Qxe8 17. hxg3 Qe1+ 18. Kh2 h5 19. Bg5 Qxa1 20. Bxf6 gxf6 21. Qh7+ Kf8 22. Qh8+ Ke7 23. Qxa8 Qxb2 24. Qxa7 Qxc2 25. Qc5+ Ke8 26. a3 Qe4 27. f3 Qd5 28. Qe3+ Qe6 29. Qc5 Qe5 30. Qa7 h4 31. f4 hxg3+ 32. Kxg3 Qxc3+ 33. Kh2 Qd2 34. Qc5 Qxg2# 0-1

[Event "Late-Titled-Tuesday-Blitz-September-19-2023"]
[Site "Chess.com"]
[Date "2023.09.19"]
[Round "2"]
[White "dretch"]
[Black "whiteglovethief"]
[Result "1-0"]
[WhiteElo "2843"]
[BlackElo "2509"]
[TimeControl "180+1"]
[EndTime "14:15:25 PDT"]
[Termination "dretch won by resignation"]

1. d4 Nf6 2. c4 c5 3. d5 b5 4. Nf3 g6 5. Nfd2 Bg7 6. e4 O-O 7. cxb5 e6 8. Nc3 exd5 9. exd5 Re8+ 10. Be2 Bb7 11. Nc4 a6 12. Nd6 axb5 13. Nxe8 Nxe8 14.
Nxb5 Qb6 15. O-O Nc7 16. Nxc7 Qxc7 17. d6 Qb6 18. Bf4 Nc6 19. Qb3 Qa7 20. Bc4 Rf8 21. Bd5 Ba8 22. Rfe1 Nd4 23. Qc4 Bxd5 24. Qxd5 Nc2 25. Be3 Nxe1 26. Rxe1 Bxb2 27. Bh6 Bd4 28.
Bxf8 Kxf8 29. Re7 1-0

[Event "Late-Titled-Tuesday-Blitz-September-19-2023"]
[Site "Chess.com"]
[Date "2023.09.19"]
[Round "2"]
[White "Chessbard1972"]
[Black "jaskol95"]
[Result "0-1"]
[WhiteElo "2367"]
[BlackElo "2553"]
[TimeControl "180+1"]
[EndTime "14:15:26 PDT"]
[Termination "jaskol95 won by checkmate"]

1. d4 d5 2. c4 e5 3. dxe5 d4 4. Nf3 Nc6 5. g3 Be6 6. Bg2 Be7 7.
Nbd2 Qd7 8. a3 h5 9. h4 f6 10. exf6 Bxf6 11. O-O Nge7 12. b4 O-O 13. Bb2 Rad8 14.
Rc1 Bh3 15. Ne4 Bxg2 16. Kxg2 Qg4 17. Nxf6+ Rxf6 18. Qb3 Ng6 19. Kh2 Rdf8 20. c5+ Kh8 21. Rcd1 Rxf3 22. exf3 Rxf3 23. Rd3 Nce5 24. Rxf3 Nxf3+ 25. Kg2 Nf4+ 26. Kh1 Qh3# 0-1

[Event "Late-Titled-Tuesday-Blitz-September-19-2023"]
[Site "Chess.com"]
[Date "2023.09.19"]
[Round "2"]
[White "Alina_Gumerovna"]
[Black "KamlaPasand"]
[Result "0-1"]
[WhiteElo "2132"]
[BlackElo "2433"]
[TimeControl "180+1"]
[EndTime "14:15:26 PDT"]
[Termination "KamlaPasand won on time"]

1. e4 e5 2. Nf3 Nc6 3. Bb5 a6 4.
Ba4 Nf6 5. O-O b5 6. Bb3 Bc5 7. c3 d6 8. d4 Bb6 9. dxe5 Nxe4 10. Bd5 Nxf2 11. Bxc6+ Bd7 12. Bxd7+ Qxd7 13. Rxf2 O-O-O 14. Qd5 c6 15. Qe4 dxe5 16. Be3 f5 17. Nxe5 Qd1+ 18. Rf1 fxe4 19. Rxd1 Bxe3+ 20. Kf1 Rxd1+ 21. Ke2 Rhd8 22. Kxe3 Rh1 23. Nxc6 Rdd1 24. Nd4 Rxb1 25. Rxb1 Rxb1 26. Kxe4 Rxb2 27. Kf3 Rxa2 28. g4 Ra3 29. Ne6 Rxc3+ 30. Kf4 b4 31. Nxg7 b3 32. Nf5 b2 33. Nd6+ Kb8 34.
Ne4 Rc4 0-1

[Event "Late-Titled-Tuesday-Blitz-September-19-2023"]
[Site "Chess.com"]
[Date "2023.09.19"]
[Round "2"]
[White "AlexNovitz"]
[Black "GoltsevDmitry2000"]
[Result "0-1"]
[WhiteElo "2248"]
[BlackElo "2652"]
[TimeControl "180+1"]
[EndTime "14:15:32 PDT"]
[Termination "GoltsevDmitry2000 won by resignation"]

1. e4 e6 2. d4 d5 3. e5 c5 4. c3 Nc6 5. Nf3 Nge7 6. Na3 cxd4 7. cxd4 Nf5 8. Nc2 Qb6 9. Bd3 Nb4 10. Bxf5 exf5 11.
O-O h6 12. a3 Nxc2 13. Qxc2 Be6 14. Be3 Be7 15. h4 O-O 16. Qd2 Kh7 17. Rac1 Rfc8 18.
Rxc8 Rxc8 19. Rc1 Rxc1+ 20. Qxc1 a5 21. Ne1 Bxh4 22. g3 Be7 23. Nd3 g5 24. Qc2 Kg7 25. f4 g4 26. Kf2 h5 27. Nc5 h4 28. gxh4 Bxh4+ 29. Kg2 Be7 30. Bd2 Qd8 31. Nxb7 Qh8 32. Qc3 Bd7 33. Nc5 Bb5 34. a4 Be2 35. Qg3 Bf3+ 36.
Kg1 Qh1+ 37. Kf2 Bh4 0-1

[Event "Late-Titled-Tuesday-Blitz-September-19-2023"]
[Site "Chess.com"]
[Date "2023.09.19"]
[Round "2"]
[White "Nf3c5"]
[Black "temus_galaktionov"]
[Result "0-1"]
[WhiteElo "2546"]
[BlackElo "2830"]
[TimeControl "180+1"]
[EndTime "14:15:33 PDT"]
[Termination "temus_galaktionov won on time"]

1. d4 c6 2. Nf3 d6 3. Nc3 g6 4. e4 Bg7 5. a4 Nd7 6. Be2 e5 7. O-O Ngf6 8. dxe5 dxe5 9. Be3 O-O 10. Bc4 Qe7 11. a5 Nc5 12. Qb1 Ncxe4 13. Re1 Nxc3 14. bxc3 Nd5 15. Bg5 Qc5 16. Qb3 Re8 17. Nd2 f5 18. Be3 Qd6 19. Rad1 Be6 20. Nf3 b5 21.
axb6 axb6 22. Ng5 b5 23. Bf1 Nxe3 24. Nxe6 Nxd1 25. Nc7+ Kf8 26. Nxe8 Rxe8 0-1

[Event "Late-Titled-Tuesday-Blitz-September-19-2023"]
[Site "Chess.com"]
[Date "2023.09.19"]
[Round "2"]
[White "Herman-NY"]
[Black "queen_iryna"]
[Result "0-1"]
[WhiteElo "2508"]
[BlackElo "2375"]
[TimeControl "180+1"]
[EndTime "14:15:33 PDT"]
[Termination "queen_iryna won by resignation"]

1. e4 d6 2. d4 Nf6 3. Nc3 e5 4. Nf3 Nc6 5. d5 Ne7 6. h4 Bg4 7. Be2 h5 8. Be3 Ng6 9. g3 c6 10. Ng5 Be7 11. f3 Bd7 12. a4 O-O 13. a5 cxd5 14. exd5 Nh7 15. Nxh7 Kxh7 16. Bd3 Kg8 17. Ne4 f5 18. Ng5 f4 19. Bxg6 fxe3 20. f4 Bxg5 21. hxg5 Bg4 22. Qd3 exf4 23. Bxh5 Qxg5 24. Bf7+ Kxf7 25.
Qh7 Bf5 0-1

[Event "Late-Titled-Tuesday-Blitz-September-19-2023"]
[Site "Chess.com"]
[Date "2023.09.19"]
[Round "2"]
[White "tarno17"]
[Black "Lady_Nika"]
[Result "0-1"]
[WhiteElo "2167"]
[BlackElo "2448"]
[TimeControl "180+1"]
[EndTime "14:15:35 PDT"]
[Termination "Lady_Nika won by checkmate"]

1. e4 c5 2. Nf3 e6 3. c3 d5 4. exd5 exd5 5. d4 cxd4 6. Qxd4 Nf6 7. Bb5+ Nc6 8. O-O Be7 9. Ne5 Bd7 10. Nxd7 Nxd4 11. Nxf6+ Kf8 12. Nd7+ Kg8 13. cxd4 a6 14. Ba4 b5 15. Bb3 Qxd7 16. Nc3 Re8 17. Nxd5 Bd6 18. Bh6 a5 19. a4 Re6 20. Be3 b4 21. Nb6 Bxh2+ 22.
Kxh2 Rxb6 23. Rac1 h5 24. d5 Rg6 25. Bf4 Qg4 26.
g3 h4 27. Rh1 hxg3+ 28. Kg2 gxf2+ 29. Kxf2 Qxf4+ 30. Ke2 Rg2+ 31. Kd3 Rd2# 0-1

[Event "Late-Titled-Tuesday-Blitz-September-19-2023"]
[Site "Chess.com"]
[Date "2023.09.19"]
[Round "2"]
[White "protectiago"]
[Black "gmpeter008"]
[Result "0-1"]
[WhiteElo "2091"]
[BlackElo "2425"]
[TimeControl "180+1"]
[EndTime "14:15:36 PDT"]
[Termination "gmpeter008 won by resignation"]

1. d4 d5 2. c4 e6 3. g3 Nf6 4. Nf3 Be7 5. Bg2 O-O 6. Nbd2 b6 7. O-O Bb7 8. Ne5 Nbd7 9. Nxd7 Qxd7 10. Nf3 dxc4 11.
Qc2 c5 12. Rd1 Be4 13. Qxc4 Qb7 14. Be3 cxd4 15. Bxd4 Rac8 16. Qb3 Bc2 17. Ne5 Nd5 18. Qf3 Bxd1 19. Rxd1 Qa6 20. e4 Nf6 21. g4 h6 22.
h4 Nh7 23. Bf1 Qb7 24. Bd3 Bxh4 25. Qh1 Bf6 26. Nf3 Bxd4 27. Nxd4 Rfd8 28. Ne2 Ng5 29. f4 Nxe4 30. Bxe4 Rxd1+ 31. Kh2 Rxh1+ 0-1

[Event "Late-Titled-Tuesday-Blitz-September-19-2023"]
[Site "Chess.com"]
[Date "2023.09.19"]
[Round "2"]
[White "Mariia89"]
[Black "Dontmesswithme_2"]
[Result "0-1"]
[WhiteElo "2029"]
[BlackElo "2418"]
[TimeControl "180+1"]
[EndTime "14:15:37 PDT"]
[Termination "Dontmesswithme_2 won on time"]

1. d4 e6 2. Nf3 Nf6 3. Bg5 b5 4.
e3 a6 5. Nbd2 Bb7 6. c3 h6 7.
Bh4 g5 8. Bg3 Bg7 9. Bd3 d6 10. e4 Nh5 11. Qe2 Nd7 12. Qe3 Qe7 13. a4 c6 14. h4 Nxg3 15. fxg3 g4 16. Ng1 h5 17. Ne2 Bh6 18. Qf2 e5 19. d5 cxd5 20.
exd5 Nc5 21. Nc1 e4 22. Nxe4 Nxd3+ 23. Nxd3 Bxd5 24. O-O Bxe4 25. Nf4 Bxf4 26. Qxf4 f5 27. axb5 a5 28. Rfd1 d5 29. b6 Qc5+ 30. Qf2 Qxf2+ 31. Kxf2 Kd7 32. c4 Kc6 33. cxd5+ Kxb6 34. d6 Rhd8 35. Ra4 Bc2 0-1

[Event "Late-Titled-Tuesday-Blitz-September-19-2023"]
[Site "Chess.com"]
[Date "2023.09.19"]
[Round "2"]
[White "slorovel"]
[Black "schachlana"]
[Result "1-0"]
[WhiteElo "2511"]
[BlackElo "2344"]
[TimeControl "180+1"]
[EndTime "14:15:41 PDT"]
[Termination "slorovel won by resignation"]

1. e4 c5 2. Nf3 e6 3. c3 d5 4. exd5 exd5 5. d4 Nf6 6. Bb5+ Nc6 7. O-O a6 8. Bxc6+ bxc6 9. Re1+ Be7 10. dxc5 O-O 11.
b4 a5 12. Nd4 Ne4 13. Nxc6 Qc7 14. Nxe7+ Qxe7 15. Qxd5 Bb7 16. c6 Rad8 17. Qc4 Qf6 18. Qxe4 Bxc6 19. Qf4 Qe6 20. Be3 Qd5 21. Qg3 f5 22.
Bd4 g6 23. Re7 Rf7 24. Rxf7 Kxf7 25. Nd2 Kg8 26. Nf3 Re8 27. Re1 Rxe1+ 28. Nxe1 axb4 29.
Qb8+ Kf7 30. Qxb4 Qe4 31. Qc4+ Bd5 32. Qc7+ Ke6 33. Qc8+ Kf7 34. Qd7+ Kf8 35. Qg7+ Ke8 36. Qe5+ Kd7 37. Qxe4 Bxe4 38. f3 Bd5 39. a4 Kc6 40. a5 Kb5 41. Bb6 Bc4 42. Nc2 1-0

[Event "Late-Titled-Tuesday-Blitz-September-19-2023"]
[Site "Chess.com"]
[Date "2023.09.19"]
[Round "2"]
[White "Merybliya"]
[Black "cukus"]
[Result "0-1"]
[WhiteElo "1762"]
[BlackElo "2410"]
[TimeControl "180+1"]
[EndTime "14:15:43 PDT"]
[Termination "cukus won by resignation"]

1. e4 c5 2. Nf3 Nc6 3. d4 cxd4 4. Nxd4 Nf6 5. Nc3 e5 6. Nb3 Bb4 7. Bd3 d5 8. Bd2 Bxc3 9. Bxc3 dxe4 10. Be2 O-O 11.
O-O Bf5 12. Nc5 Qc7 13. Qd2 h6 14. Rad1 Rad8 15. Qe3 Nd5 16. Rxd5 Rxd5 17. Nxe4 Nd4 18. Bd3 Bg6 19. h4 f5 20. Nd2 f4 21. Qe1 Bxd3 22. cxd3 f3 23. gxf3 Nxf3+ 24. Nxf3 Rxf3 25. Qe4 Qf7 26.
Re1 Rf4 27. Qe3 Qg6+ 28. Kf1 Rxh4 29. Bxe5 Rh1+ 30. Ke2 Qh5+ 31. Kd2 Rxe1 32. Qxe1 Qxe5 33. Qc1 Qf4+ 0-1

[Event "Late-Titled-Tuesday-Blitz-September-19-2023"]
[Site "Chess.com"]
[Date "2023.09.19"]
[Round "2"]
[White "Aariow"]
[Black "DanielDardha2005"]
[Result "0-1"]
[WhiteElo "2554"]
[BlackElo "2920"]
[TimeControl "180+1"]
[EndTime "14:15:44 PDT"]
[Termination "DanielDardha2005 won on time"]

1. d4 Nf6 2. c4 e5 3. dxe5 Ng4 4.
Nf3 Nc6 5. a3 Bc5 6. e3 a5 7. b3 Ngxe5 8. Bb2 d6 9. Be2 Qf6 10. Ra2 Qg6 11. O-O Bh3 12. Ne1 O-O 13. Nd2 Bf5 14. Nef3 Nxf3+ 15. Bxf3 Bc2 16. Qc1 Bd3 17.
Re1 Rab8 18. e4 Ne5 19. Bxe5 dxe5 20. Qc3 Rbd8 21. Qxe5 Qb6 22. Nf1 Rfe8 23. Qg5 Qxb3 24. Qxc5 Qxa2 25. Ne3 Bxe4 26. Bxe4 Rxe4 27. Qxc7 Ree8 28.
Qxa5 Qd2 29. Qxd2 Rxd2 30. Rb1 Ra2 31. g3 Re7 32. Rb3 h5 33. Nd5 Re1+ 34. Kg2 Ree2 35. Rf3 Rab2 0-1

[Event "Late-Titled-Tuesday-Blitz-September-19-2023"]
[Site "Chess.com"]
[Date "2023.09.19"]
[Round "2"]
[White "louis198"]
[Black "Hirna2005"]
[Result "1-0"]
[WhiteElo "2685"]
[BlackElo "2366"]
[TimeControl "180+1"]
[EndTime "14:15:47 PDT"]
[Termination "louis198 won by checkmate"]

1. d4 g6 2. Bf4 Bg7 3. e3 d6 4.
Nf3 Nf6 5. h3 O-O 6. Bc4 b6 7.
O-O Bb7 8. c3 Nbd7 9. Nbd2 Ne4 10. a4 a5 11. Nxe4 Bxe4 12. Nd2 Bb7 13. Bh2 e5 14.
Qc2 Kh8 15. f4 f5 16. Rae1 e4 17. b4 c5 18. bxc5 bxc5 19. Rb1 Qc7 20. Kh1 Rfc8 21. Be6 cxd4 22. exd4 Bxd4 23. Qb3 Nc5 24. Qc4 Nxe6 25. Qxe6 Bg7 26. Bg1 Ba6 27. Rfc1 Bd3 28. Rb6 Re8 29.
Qd5 Qd7 30. Rb7 Qe6 31. Qc6 Rac8 32. Qb6 d5 33. Qa7 Rg8 34. Bd4 e3 35. Rxg7 Rxg7 36. Qxg7# 1-0

[Event "Late-Titled-Tuesday-Blitz-September-19-2023"]
[Site "Chess.com"]
[Date "2023.09.19"]
[Round "2"]
[White "BrandonJacobson"]
[Black "angelgab3"]
[Result "0-1"]
[WhiteElo "2905"]
[BlackElo "2582"]
[TimeControl "180+1"]
[EndTime "14:15:51 PDT"]
[Termination "angelgab3 won by resignation"]

1. Nf3 Nf6 2. c4 e6 3. Nc3 d5 4. e3 c5 5. d4 cxd4 6. exd4 Bb4 7. cxd5 Nxd5 8. Bd2 O-O 9. Bd3 Nc6 10. O-O b6 11. a3 Be7 12. Qe2 Bb7 13. Rfe1 Nf6 14. Be3 Nd5 15. Bc1 Bf6 16. Qe4 g6 17. Bh6 Re8 18.
Rad1 Nxd4 19. Nb5 Nxf3+ 20. Qxf3 a6 21. Nc3 Nxc3 22. Qxb7 Nxd1 23. Rxd1 Re7 24. Qf3 Rd7 25.
g3 Rc8 26. Kg2 Rc5 27. h4 Rcd5 28. Bxg6 hxg6 29. Rc1 Rc5 30. Re1 Rd3 31. Qf4 Rc2 32. Qg4 Qd5+ 33. Kg1 Qf5 0-1

[Event "Late-Titled-Tuesday-Blitz-September-19-2023"]
[Site "Chess.com"]
[Date "2023.09.19"]
[Round "2"]
[White "johnathan113"]
[Black "Lion_DL"]
[Result "1-0"]
[WhiteElo "2707"]
[BlackElo "2446"]
[TimeControl "180+1"]
[EndTime "14:15:53 PDT"]
[Termination "johnathan113 won by resignation"]

1. e4 c5 2. Nf3 e6 3. d4 cxd4 4. Nxd4 a6 5. Nc3 Qc7 6. g3 Bb4 7. Ne2 Nf6 8. Bg2 O-O 9. O-O d6 10. h3 Nbd7 11. g4 Nc5 12. a3 Bxc3 13. Nxc3 Nfd7 14. b4 Nb3 15. cxb3 Qxc3 16. Bf4 Ne5 17.
Qxd6 Nf3+ 18. Kh1 Nh4 19. Rac1 Qxb3 20. Qe7 Nxg2 21. Kxg2 e5 22. Bxe5 Be6 23. Rc3 Qa2 24.
Rc7 Rae8 25. Qg5 g6 26. Qf6 1-0

[Event "Late-Titled-Tuesday-Blitz-September-19-2023"]
[Site "Chess.com"]
[Date "2023.09.19"]
[Round "2"]
[White "HajiyevKanan"]
[Black "Pawnpusherschessaccademy"]
[Result "0-1"]
[WhiteElo "2489"]
[BlackElo "2336"]
[TimeControl "180+1"]
[EndTime "14:15:53 PDT"]
[Termination "Pawnpusherschessaccademy won by checkmate"]

1. d4 Nf6 2. Nf3 d5 3. Bg5 c5 4. e3 Nc6 5. c3 Qb6 6. Qb3 c4 7. Qc2 Bf5 8. Qc1 Ne4 9. Bf4 e6 10. Nh4 g5 11. Nxf5 gxf4 12. Nh4 fxe3 13. fxe3 Bh6 14. Ke2 e5 15. Nf5 exd4 16. Nxh6 d3+ 17.
Ke1 Ne5 18. Nf5 Qf6 19. Nd6+ Nxd6 20. Nd2 O-O-O 21. b3 Ng4 22. Nf3 Rhe8 23. h3 Rxe3+ 24. Kd1 Nf2+ 25. Kd2 Qf4 26. Qa3 Re2# 0-1

[Event "Late-Titled-Tuesday-Blitz-September-19-2023"]
[Site "Chess.com"]
[Date "2023.09.19"]
[Round "2"]
[White "lluiss"]
[Black "maksimys18"]
[Result "0-1"]
[WhiteElo "2254"]
[BlackElo "2494"]
[TimeControl "180+1"]
[EndTime "14:15:55 PDT"]
[Termination "maksimys18 won by checkmate"]

1. Nf3 e6 2. d4 d5 3. c4 Nf6 4. cxd5 exd5 5. Nc3 c6 6. Qc2 Bd6 7. Bg5 O-O 8. e3 h6 9. Bh4 Nbd7 10. Bd3 Re8 11. O-O Nf8 12. Bg3 Bxg3 13. hxg3 Be6 14. b4 Rc8 15. Na4 N8d7 16. Rfc1 Qe7 17. Rab1 Bg4 18. Nd2 Bh5 19. b5 cxb5 20. Qxc8 Rxc8 21. Rxc8+ Nf8 22. Bxb5 a6 23. Bd3 b5 24. Nc5 Ng4 25. Nf3 Nxe3 26. fxe3 Qxe3+ 27. Kh2 Bxf3 28. gxf3 Qf2+ 29. Kh3 Qxf3 30. Rf1 Qh5+ 31. Kg2 Qg4 32. Bf5 Qxd4 33. Nd7 g6 34. Rxf8+ Kg7 35. Bxg6 Kxg6 36.
Rf6+ Kh5 37. Rf5+ Kg6 38. Rf6+ Kh5 39. R8xf7 Qe4+ 40. Kh3 Qh1# 0-1

[Event "Late-Titled-Tuesday-Blitz-September-19-2023"]
[Site "Chess.com"]
[Date "2023.09.19"]
[Round "2"]
[White "Garmendiarov"]
[Black "Chessdreamer2020"]
[Result "0-1"]
[WhiteElo "2358"]
[BlackElo "2517"]
[TimeControl "180+1"]
[EndTime "14:15:57 PDT"]
[Termination "Chessdreamer2020 won by resignation"]

1. e4 d6 2. d4 Nf6 3. Nc3 c6 4. Nf3 Bg4 5. Be2 e6 6. Be3 d5 7. e5 Nfd7 8. h3 Bxf3 9. Bxf3 c5 10. O-O Nc6 11. dxc5 Ndxe5 12. Nb5 a6 13. Nd4 Rc8 14. Nxc6 Nxc6 15. c3 Be7 16. b4 O-O 17. a3 Ne5 18. Be2 Bf6 19. Rc1 Nc6 20. Qb3 Re8 21. Rfd1 Qc7 22.
a4 Ra8 23. b5 axb5 24. axb5 Ne5 25. b6 Qe7 26. Bb5 Rec8 27. Bd4 Nd7 28. Bxf6 Nxf6 29. Qb4 Qxc5 30. Qxc5 Rxc5 31. c4 Rac8 32. Kf1 dxc4 33. Ba4 Nd5 34. Bc2 Nxb6 35. Be4 Nd5 36. Rd4 b5 37. Rb1 Kf8 38. Rdd1 Nc3 0-1

[Event "Late-Titled-Tuesday-Blitz-September-19-2023"]
[Site "Chess.com"]
[Date "2023.09.19"]
[Round "2"]
[White "rezamahdavi2008"]
[Black "tomobeast"]
[Result "1-0"]
[WhiteElo "2856"]
[BlackElo "2260"]
[TimeControl "180+1"]
[EndTime "14:15:59 PDT"]
[Termination "rezamahdavi2008 won on time"]

1. Nf3 d5 2. g3 Nf6 3. Bg2 Bf5 4. c4 e6 5. O-O Be7 6. cxd5 exd5 7. Qb3 Nc6 8. d3 Rb8 9. Nc3 O-O 10. Bg5 Be6 11. Nb5 h6 12. Bf4 Ne8 13. Nfd4 Nxd4 14. Nxd4 Bd6 15. Be3 c5 16. Nxe6 fxe6 17. f4 Nf6 18. f5 Qe7 19. fxe6 Qxe6 20. Rf3 Kh7 21. d4 c4 22. Qc2+ Kg8 23. Raf1 Ng4 24. Bc1 Rbe8 25. Bh3 h5 26. Bg2 Qxe2 27. Rxf8+ Bxf8 28. Bxd5+ Kh8 29. Rxf8+ Rxf8 30. Qxe2 Rf2 31. Qe8+ 1-0

[Event "Late-Titled-Tuesday-Blitz-September-19-2023"]
[Site "Chess.com"]
[Date "2023.09.19"]
[Round "2"]
[White "DvaHrasta"]
[Black "AEMEffi"]
[Result "1-0"]
[WhiteElo "2505"]
[BlackElo "2327"]
[TimeControl "180+1"]
[EndTime "14:16:01 PDT"]
[Termination "DvaHrasta won by checkmate"]

1. c4 e5 2. g3 Nf6 3. Bg2 Nc6 4. Nf3 Bc5 5. O-O O-O 6. Nxe5 Nxe5 7. d4 d6 8. dxc5 dxc5 9. Qc2 h6 10. b3 Nc6 11. Bxc6 bxc6 12. Bb2 Qe7 13. Re1 Ne4 14. f3 Nd6 15. e4 f6 16. Nd2 Nf7 17. Kg2 Be6 18.
Nf1 a5 19. Ne3 a4 20. bxa4 Ne5 21. f4 Ng4 22. Nxg4 Bxg4 23. e5 fxe5 24. Rxe5 Qd7 25.
Rae1 Rfe8 26. Bc3 Rxe5 27. Rxe5 Rd8 28. a5 Bh3+ 29. Kf2 Re8 30. Qe4 Rxe5 31. Qxe5 Be6 32. a6 Bf7 33. Qxg7# 1-0

[Event "Late-Titled-Tuesday-Blitz-September-19-2023"]
[Site "Chess.com"]
[Date "2023.09.19"]
[Round "2"]
[White "2346PL"]
[Black "CFalcons8"]
[Result "1-0"]
[WhiteElo "2479"]
[BlackElo "2246"]
[TimeControl "180+1"]
[EndTime "14:16:01 PDT"]
[Termination "2346PL won by resignation"]

1. Nf3 Nf6 2. g3 e6 3. Bg2 d5 4. O-O c5 5. d4 cxd4 6. Nxd4 Be7 7. c4 dxc4 8. Qa4+ Qd7 9. Qxc4 O-O 10. Nc3 a6 11. a4 Ra7 12. Rd1 Qe8 13. Bf4 Nbd7 14. a5 e5 15. Ne6 fxe6 16. Qxe6+ Qf7 17. Qxf7+ Kxf7 18. Be3 Ra8 19. Nd5 Nxd5 20. Bxd5+ Ke8 21. Rac1 Nf6 22. Bg2 Kf7 23. Rc7 Ne8 24. Bd5+ Kf6 25. Rxe7 Kxe7 26. Bc5+ Nd6 27. Bxd6+ Kxd6 28. Bxb7+ Kc5 29.
Bxa8 Bg4 30. Rd5+ Kb4 31. Rxe5 Bxe2 32. Rxe2 Rxa8 33. Re7 Kxa5 34. Rxg7 Rb8 35. Rxh7 Rxb2 36. h4 Ka4 37. h5 Rb1+ 38. Kg2 1-0

[Event "Late-Titled-Tuesday-Blitz-September-19-2023"]
[Site "Chess.com"]
[Date "2023.09.19"]
[Round "2"]
[White "TC2304"]
[Black "MathiasWomacka"]
[Result "0-1"]
[WhiteElo "2372"]
[BlackElo "2556"]
[TimeControl "180+1"]
[EndTime "14:16:02 PDT"]
[Termination "MathiasWomacka won by resignation"]

1. d4 Nf6 2. Nf3 e6 3. Bg5 c5 4. e3 Qb6 5. Nbd2 cxd4 6. exd4 Qxb2 7. Bd3 Qc3 8. O-O d5 9. Rb1 Be7 10. Re1 O-O 11. Ne5 Qxd4 12. Ndf3 Qc3 13. Re3 Qc7 14. c4 Nc6 15. cxd5 exd5 16. Qe2 Be6 17. h4 Nxe5 18. Nxe5 Ne4 19. Bxe4 dxe4 20. Rxe4 Bf5 21. Rc1 Bc5 22. Rec4 b6 23. Bf4 Qe7 24. g4 Be6 25. Re4 Qxh4 26. Bg3 Qxg3+ 27. Kh1 Qxf2 28. Qxf2 Bxf2 29. Rc2 Bg3 30.
Nc6 Bd5 31. Ne7+ Kh8 32. Nxd5 Rfe8 33. Rxe8+ Rxe8 34. Ne7 g6 35. Nc8 Re4 36. Nxa7 Rxg4 37. Nc8 Be5 38. Nxb6 Rh4+ 39. Kg1 Bd4+ 40. Kf1 Bxb6 0-1

[Event "Late-Titled-Tuesday-Blitz-September-19-2023"]
[Site "Chess.com"]
[Date "2023.09.19"]
[Round "2"]
[White "Balla_Tamas"]
[Black "PassedPawnMustPushed"]
[Result "1-0"]
[WhiteElo "2432"]
[BlackElo "2128"]
[TimeControl "180+1"]
[EndTime "14:16:02 PDT"]
[Termination "Balla_Tamas won on time"]

1. e4 Nf6 2. e5 Ng8 3. d4 d6 4.
exd6 cxd6 5. c4 g6 6. Nc3 Bg7 7.
Nf3 Nc6 8. d5 Ne5 9. Nxe5 Bxe5 10.
Bd3 Qb6 11. O-O h5 12. h3 Nf6 13. Nb5 Ng4 14. hxg4 hxg4 15. Re1 Bh2+ 16. Kf1 a6 17. Be3 Qa5 18. b4 Qd8 19. Nd4 Be5 20. g3 f5 21. Rc1 Kf7 22. Ne6 Bxe6 23. dxe6+ Kxe6 24. Bf4 Rh2 25. Qe2 Qh8 26. Bxe5 dxe5 27. Qe3 Rh1+ 28. Ke2 Qh2 29. Rxh1 1-0

[Event "Late-Titled-Tuesday-Blitz-September-19-2023"]
[Site "Chess.com"]
[Date "2023.09.19"]
[Round "2"]
[White "sergoy"]
[Black "ArmanGhevondyanchess"]
[Result "1-0"]
[WhiteElo "2906"]
[BlackElo "2555"]
[TimeControl "180+1"]
[EndTime "14:16:05 PDT"]
[Termination "sergoy won by resignation"]

1. d4 Nf6 2. c4 g6 3. Nf3 Bg7 4. g3 O-O 5. Bg2 d5 6. cxd5 Nxd5 7. O-O c5 8. e4 Nb4 9. d5 e6 10.
a3 N4a6 11. Nc3 exd5 12. exd5 Bg4 13. h3 Bxf3 14. Qxf3 Nd7 15. d6 Rb8 16. Bf4 Ne5 17. Qd5 Nc6 18. d7 Nc7 19. Qxc5 Ne6 20. Qd6 Nxf4 21.
gxf4 Qh4 22. Rad1 Bh6 23. Nd5 Rbd8 24. b4 a6 25. a4 Nb8 26. Qe7 Qxe7 27. Nxe7+ Kg7 28.
Bxb7 Rxd7 29. Rxd7 Nxd7 30. Bxa6 Bxf4 31. a5 Bd6 32.
Nc6 Nb8 33. Nxb8 Rxb8 34. b5 Bb4 35. Ra1 Kf6 36. Ra4 Bc5 37. Rc4 Bd6 38. Rc6 Ke7 39. b6 Ra8 40. b7 Rd8 41. Bb5 Bb8 42. Rc8 h5 43. a6 Ba7 44. Ra8 Bb8 45. Rxb8 Rxb8 46.
Bc6 Kd6 47. a7 1-0

[Event "Late-Titled-Tuesday-Blitz-September-19-2023"]
[Site "Chess.com"]
[Date "2023.09.19"]
[Round "2"]
[White "Levanzovsky"]
[Black "KVAIDAN"]
[Result "1-0"]
[WhiteElo "2472"]
[BlackElo "2243"]
[TimeControl "180+1"]
[EndTime "14:16:05 PDT"]
[Termination "Levanzovsky won by checkmate"]

1. e4 e5 2. Nf3 d5 3. exd5 e4 4. Nd4 Nf6 5. c4 c6 6. Nc3 cxd5 7.
cxd5 Bc5 8. Nb3 Bb4 9. Bb5+ Bd7 10. Bxd7+ Nbxd7 11. O-O O-O 12. Re1 Re8 13. d3 Bxc3 14.
bxc3 Nc5 15. dxe4 Ncxe4 16. c4 Rc8 17. Qd4 a5 18. a4 Nd6 19. Rxe8+ Qxe8 20. Ba3 Nxc4 21.
Bc5 b6 22. Qxc4 bxc5 23. Nxa5 Qe5 24. Rd1 Ne4 25. Nc6 Qf4 26. Ne7+ Kh8 27. Nxc8 Qxf2+ 28. Kh1 Qh4 29. Qb3 c4 30. Qe3 f5 31. d6 h6 32. d7 Nf2+ 33. Qxf2 Qxf2 34. d8=Q+ Kh7 35. Ne7 h5 36. Qg8+ Kh6 37. Qf7 Kh7 38. Qxh5# 1-0

[Event "Late-Titled-Tuesday-Blitz-September-19-2023"]
[Site "Chess.com"]
[Date "2023.09.19"]
[Round "2"]
[White "Der_Honigdachs"]
[Black "tdf98pantani"]
[Result "1-0"]
[WhiteElo "2527"]
[BlackElo "2704"]
[TimeControl "180+1"]
[EndTime "14:16:06 PDT"]
[Termination "Der_Honigdachs won by resignation"]

1. d4 Nf6 2. Bf4 d5 3. e3 Bf5 4. c4 e6 5. Qb3 Qc8 6. Nc3 c6 7. Nf3 Nbd7 8. cxd5 exd5 9. h3 Be7 10. Be2 Be4 11.
O-O Bxf3 12. Bxf3 O-O 13. Rac1 Nb6 14. a4 Qd7 15. Qc2 a5 16. b3 Ba3 17. Rcd1 Bb4 18.
Na2 Bd6 19. Bg5 Qe6 20. Nc1 Ne4 21. Bxe4 dxe4 22. Ne2 Nd5 23. Qc4 h6 24. Bh4 Kh7 25.
Bg3 Bxg3 26. Nxg3 f5 27. Rde1 Qg6 28. Kh2 Rae8 29. Qc5 b6 30. Qc2 Re6 31. Qd2 Qh5 32.
Nxh5 g5 33. f4 exf3 34. Rxf3 Kg6 35. g4 Ne7 36. Ref1 Re4 37. Ng3 1-0